 Dungeon Crawl Stone Soup version 0.25-a0-87-ga3d287bc14 (webtiles) character file.

Game seed: 15491613922587370168, levelgen mode: deterministic

7569 Gargoyl the Agent of Entropy (level 10, -3/83 HPs)
             Began as a Centaur Abyssal Knight on Nov 10, 2019.
             Was a Priest of Lugonu.
             Slain by an orc warrior
             ... wielding a +0 halberd
              (21 damage)
             ... on level 10 of the Dungeon.
             The game lasted 00:18:04 (13365 turns).

Gargoyl the Agent of Entropy (CeAK)                Turns: 13365, Time: 00:18:04

Health: -3/83      AC: 13    Str: 16    XL:     10   Next: 97%
Magic:  15/15      EV: 10    Int: 13    God:    Lugonu [***...]
Gold:   343        SH: 10    Dex: 11    Spells: 9/9 levels left

rFire    + . .     SeeInvis .   A - +0 broad axe
rCold    + . .     Gourm    .   C - +2 shield {reflect}
rNeg     . . .     Faith    .   F - +3 leather armour {rF+}
rPois    .         Spirit   .   w - +1 helmet
rElec    .         Reflect  +   b - +0 cloak
rCorr    .         Harm     .   t - +0 pair of gloves
MR       .....                  (no barding)
Stlth    +.........             p - amulet of rage
HPRegen  0.23/turn              l - ring of protection from cold
MPRegen  0.14/turn              y - +1 ring of evasion

@: very quick
A: large, hooves 3, blink, clever 1, deformed body, speed 2, tough skin 3
a: Blink, Depart the Abyss, Bend Space, Banish, Renounce Religion, Evoke Berserk
Rage


You were on level 10 of the Dungeon.
You worshipped Lugonu.
Lugonu was most pleased with you.
You were not hungry.

You visited 2 branches of the dungeon, and saw 12 of its levels.
You visited the Abyss 1 time.

You collected 515 gold pieces.
You spent 172 gold pieces at shops.

Inventory:

Hand Weapons
 a - a +1 hand axe
 r - a +0 war axe
 A - a +0 broad axe (weapon)
Missiles
 e - 5 javelins (quivered)
 m - 13 boomerangs
Armour
 b - a +0 cloak (worn)
 t - a +0 pair of gloves (worn)
 w - a +1 helmet (worn)
 C - a +2 shield of reflection (worn)
 F - a +3 leather armour of fire resistance (worn)
Jewellery
 l - a ring of protection from cold (left hand)
 p - an amulet of rage (around neck)
 y - a +1 ring of evasion (right hand)
Wands
 k - a wand of iceblast (10)
 v - a wand of polymorph (5)
 E - a wand of flame (14)
Scrolls
 d - 3 scrolls of remove curse
 i - 7 scrolls of identify
 j - 6 scrolls of teleportation
 x - a scroll of fog
 B - 2 scrolls of fear
Potions
 f - a potion of lignification {unknown}
 g - a potion of curing
 h - a potion of cancellation
 n - a potion of agility
 o - 3 potions of mutation
 q - 2 potions of magic
 s - a potion of flight
 u - a potion of heal wounds
Comestibles
 c - 16 rations


   Skills:
 + Level 6.0 Fighting
 + Level 7.4 Axes
 + Level 1.4 Throwing
 * Level 7.4 Armour
 * Level 4.8 Dodging
 + Level 2.4 Shields
 * Level 7.6 Invocations
 + Level 1.9 Evocations


You had 9 spell levels left.
You didn't know any spells.
Your spell library contained the following spells:

 Spells                   Type           Power        Failure   Level  Hunger
 Animate Skeleton         Necr           N/A          83%         1    ##.....
 Apportation              Tloc           #.....       83%         1    ##.....
 Confusing Touch          Hex            #.....       83%         1    ##.....
 Sandblast                Erth           #.....       83%         1    ##.....
 Summon Small Mammal      Summ           #...         83%         1    ##.....
 Passwall                 Tmut/Erth      #.......     92%         2    ###....
 Stone Arrow              Conj/Erth      #.....       99%         3    ####...
 Cause Fear               Hex            #.........   100%        4    #####..
 Petrify                  Tmut/Erth      #.......     100%        4    #####..
 Lee's Rapid Deconstruct  Erth           #.........   100%        5    ######.
 Silence                  Hex/Air        #.........   100%        5    ######.
 Yara's Violent Unravell  Hex/Tmut       #.........   100%        5    ######.
 Deflect Missiles         Chrm/Air       #.........   100%        6    #######
 Discord                  Hex            #.........   100%        8    #######


Dungeon Overview and Level Annotations

Branches:
Dungeon (11/15)            Temple (0/1) D:6            Lair (1/6) D:9
    Orc: D:9-12

Altars:
Elyvilon
Gozag
Kikubaaqudgha
Makhleb
Nemelex Xobeh
Sif Muna
Xom
The Shining One

Shops:
D:5 }   D:7 [


Innate Abilities, Weirdness & Mutations

You have hooves in place of feet.
Armour fits poorly on your strangely shaped body.
You cover ground very quickly.
You have extremely tough skin. (AC +3)
You can translocate small distances at will.
Your mind is acute. (Int +2)


Message History

The orc warrior hits you with a +0 halberd!
All of the chunks of flesh in your inventory have rotted away.
You closely miss the orc warrior.
You kick the orc warrior, but do no damage.
The orc warrior is almost dead.
You block the orc warrior's attack.
You barely miss the orc warrior. Your kick misses the orc warrior.
The orc warrior is almost dead.
The orc warrior closely misses you.
You hit the orc warrior but do no damage.
You kick the orc warrior, but do no damage.
The orc warrior is almost dead.
The orc warrior hits you with a +0 halberd!!
* * * LOW HITPOINT WARNING * * *
You hit the orc warrior but do no damage.
The orc warrior is almost dead.
The orc warrior hits you with a +0 halberd.
* * * LOW HITPOINT WARNING * * *
The orc warrior hits you with a +0 halberd!!
You die...

... #.# #.# #.#
#.# #.# #># #.# .#
#@# .# #o# .# ###
#.# .# ... #.#
##.## #.#
#.############...#
#.#
#..............#..
#.#
##############....
#<# #### ### ##.#.
#.# #.. .<# #.#


You could see an orc warrior.

Vanquished Creatures
  A cyclops (D:9)
  Joseph (D:8)
  A gargoyle (D:10)
  2 komodo dragons
  2 hippogriffs (D:8)
  Prince Ribbit (D:6)
  A hungry ghost (D:8)
  The ghost of D1HalberdGnoll the Poker, an amateur MfSk (D:2)
  Menkaure (D:4)
  Duvessa (D:7)
  2 orc warriors (D:6)
  2 ice beasts
  3 phantoms
  2 black bears
  A sky beast (D:6)
  7 ogres
  10 centaurs
  A big kobold (D:7)
  6 bullfrogs
  Dowan (D:7)
  A hornet simulacrum (D:9)
  5 wights (D:8)
  A howler monkey (D:6)
  A crimson imp (D:9)
  A bullfrog zombie (D:8)
  A centaur zombie (D:7)
  A bullfrog skeleton (D:7)
  2 hounds
  A jelly (D:8)
  10 orc wizards
  A centaur skeleton (D:11)
  A gnoll shaman (D:8)
  6 orc priests
  2 iguanas
  A worker ant (D:3)
  A hound zombie (D:9)
  Robin (D:4)
  7 adders
  13 gnolls
  2 shadow imps (D:5)
  3 oozes
  2 adder zombies
  4 adder skeletons
  4 worms
  2 dart slugs
  5 leopard geckos
  28 orcs
  2 ball pythons
  9 bats
  4 giant cockroaches
  10 goblins
  9 hobgoblins
  7 jackals (D:6)
  3 quokkas
  4 frilled lizards
  11 kobolds
  A leopard gecko skeleton (D:3)
  A quokka zombie (D:9)
  5 rats
220 creatures vanquished.

Vanquished Creatures (others)
  A cyclops (D:11)
  A manticore (D:9)
  2 vampires
  An acid dragon (D:9)
  An orc warrior (D:9)
  An orc wizard (D:6)
  A goblin (D:4)
  4 plants (D:4)
12 creatures vanquished.

Grand Total: 232 creatures vanquished

Notes
Turn   | Place    | Note
-------+----------+-------------------------------------------
     0 | Abyss:1  | Gargoyl the Centaur Abyssal Knight began the quest for the
                  | Orb.
     0 | Abyss:1  | Reached XP level 1. HP: 19/19 MP: 2/2
    98 | Abyss:2  | Noticed a large abomination
   197 | Abyss:3  | Noticed a Hell Sentinel
   199 | D:1      | Escaped the Abyss
   532 | D:2      | Reached XP level 2. HP: 26/26 MP: 3/3
   539 | D:2      | Reached * piety under Lugonu
   708 | D:2      | Reached skill level 1 in Dodging
   718 | D:2      | Reached XP level 3. HP: 27/31 MP: 4/4
   988 | D:2      | Found a shimmering altar of Xom.
  1592 | D:3      | Found a runed translucent gate.
  1592 | D:3      | Found a runed translucent gate.
  1592 | D:3      | Noticed D1HalberdGnoll's ghost (amateur MfSk)
  1593 | D:3      | Found a runed translucent gate.
  1636 | D:3      | Reached ** piety under Lugonu
  1640 | D:2      | Found a burning altar of Makhleb.
  1648 | D:2      | Killed D1HalberdGnoll's ghost
  1648 | D:2      | Reached XP level 4. HP: 40/40 MP: 4/6
  1648 | D:2      | Reached XP level 5. HP: 46/46 MP: 4/7
  2249 | D:3      | Found a sparkling altar of Nemelex Xobeh.
  2437 | D:4      | Noticed an ogre
  2451 | D:4      | Killed an ogre
  2451 | D:4      | Reached XP level 6. HP: 51/52 MP: 8/8
  2891 | D:4      | Noticed Robin
  2911 | D:4      | Killed Robin
  3237 | D:4      | Found an ancient bone altar of Kikubaaqudgha.
  3237 | D:4      | Found a glowing golden altar of the Shining One.
  3473 | D:4      | Noticed Menkaure
  3483 | D:4      | Killed Menkaure
  3483 | D:4      | Reached XP level 7. HP: 28/59 MP: 9/9
  3985 | D:4      | Found a shimmering blue altar of Sif Muna.
  4208 | D:5      | Entered Level 5 of the Dungeon
  4783 | D:5      | Gained mutation: You can translocate small distances at
                  | will. [potion of mutation]
  4783 | D:5      | Gained mutation: Your mind is acute. (Int +2) [potion of
                  | mutation]
  4982 | D:5      | Reached skill level 1 in Evocations
  5117 | D:5      | Found Yditesis's Gadget Shoppe.
  5122 | D:5      | Reached XP level 8. HP: 66/67 MP: 11/11
  5410 | D:5      | Reached *** piety under Lugonu
  5605 | D:6      | Reached skill level 5 in Axes
  5844 | D:6      | Reached skill level 5 in Armour
  5882 | D:6      | Found a staircase to the Ecumenical Temple.
  6038 | D:6      | Reached skill level 5 in Invocations
  6554 | D:6      | Reached XP level 9. HP: 67/73 MP: 12/12
  6588 | D:6      | Reached skill level 1 in Throwing
  7147 | D:6      | Noticed Prince Ribbit
  7159 | D:6      | Killed Prince Ribbit
  7159 | D:6      | Reached skill level 5 in Fighting
  7315 | D:7      | Reached **** piety under Lugonu
  7601 | D:7      | Found Rocos's Antique Armour Shop.
  7612 | D:7      | Bought a runed shield for 172 gold pieces
  8471 | D:7      | Noticed Duvessa
  8472 | D:7      | Noticed Dowan
  8567 | D:7      | Killed Duvessa
  8571 | D:7      | Killed Dowan
  8699 | D:7      | Noticed a komodo dragon
  8714 | D:7      | Killed a komodo dragon
  8714 | D:7      | Reached skill level 1 in Shields
  9541 | D:8      | Found an opulent altar of Gozag.
  9591 | D:8      | Found a white marble altar of Elyvilon.
  9764 | D:8      | Reached XP level 10. HP: 77/81 MP: 14/14
 10072 | D:8      | Noticed Joseph
 10088 | D:8      | Killed Joseph
 10637 | D:9      | Noticed a manticore
 10660 | D:9      | Banished a manticore
 11125 | D:9      | Noticed a cyclops
 11199 | D:9      | Killed a cyclops
 12107 | D:9      | Found a staircase to the Lair.
 12484 | Lair:1   | Entered Level 1 of the Lair of Beasts
 12896 | D:10     | Entered Level 10 of the Dungeon
 12917 | D:10     | Noticed a gargoyle
 12931 | D:10     | Killed a gargoyle
 12996 | D:11     | Noticed a cyclops
 13018 | D:11     | Banished a cyclops
 13365 | D:10     | Slain by an orc warrior

Levels and vault maps discovered:
D:1:      eino_arrival_water_cross, layout_rooms
D:2:      layout_rooms, nicolae_overflow_hidden_temple
D:3:      layout_loops_ring, lemuel_coloured_pillars_altar,
          gammafunk_ghost_split, kennysheep_generic_room_15
D:4:      layout_basic, led_sif_pool, gammafunk_temple_overflow_elements,
          serial_bayou, serial_bayou_crossing, serial_bayou_lake_a,
          serial_bayou_pond_b, serial_bayou_shore_a, first_ration,
          uniq_menkaure, uniq_robin
D:5:      layout_loops_ring, kennysheep_small_square
D:6:      layout_loops_cross, minmay_temple_entry_proselytizer,
          uniq_prince_ribbit1
D:7:      layout_layer_cave, serial_shops,
          nicolae_shop_temple_entry_statues_fountains, grunt_ogre_cave,
          uniq_duvessa
D:8:      layout_basic, lemuel_doored_altar, basic_altar, uniq_joseph
D:9:      minmay_cut_squares, layout_loops_corners
D:10:     old_forge, layout_loops_ring, gammafunk_ghost_hive, serial_shops,
          shop, david_defended_altar_orc, uniq_josephine, uniq_harold,
          uniq_fannar
D:11:     layout_basic, gammafunk_ghost_icy
Lair:1:   layout_regular_city, chequers_serial_rivers_small_3,
          grunt_forest_stairs_basic, minmay_lair_oklob_chamber

Skill      XL: |  1  2  3  4  5  6  7  8  9 10 |
---------------+-------------------------------+-----
Dodging        | 1 2 3 4 |  4.8
Axes           | 2 3 4 5 6 7 |  7.4
Armour         | 2 3 4 5 6 7 |  7.4
Invocations    | 3 4 5 6 7 |  7.6
Fighting       | 4 5 6 |  6.0
Evocations     | 1 |  1.9
Throwing       | 1 |  1.4
Shields        | 1 2 |  2.4

Action                   |  1- 3 |  4- 6 |  7- 9 | 10-12 || total
-------------------------+-------+-------+-------+-------++-------
Melee: Hand axe          |   101 |   146 |   470 |       ||   717
       Kick              |    20 |    28 |   129 |    51 ||   228
       Broad axe         |       |       |     5 |   244 ||   249
Throw: Javelin           |       |       |    22 |     3 ||    25
Invok: Depart the Abyss  |     1 |       |       |       ||     1
       Banish            |       |       |       |     6 ||     6
 Abil: Evoke Berserk Rag |     1 |     5 |     7 |     4 ||    17
  Use: Scroll            |     6 |       |    11 |     2 ||    19
       Potion            |     3 |       |     2 |     3 ||     8
  Eat: Chunk             |     1 |     7 |    15 |    10 ||    33
       Ration            |       |     1 |     3 |     7 ||    11
Armor: Chain mail        |    84 |   104 |   348 |    54 ||   590
       Leather armour    |       |       |       |    97 ||    97
Dodge: Dodged            |    32 |    44 |   132 |   105 ||   313
Block: Shield            |       |       |    73 |   132 ||   205
       Reflection        |       |       |     2 |    14 ||    16

Table legend:
 A = Non-vault XP
 B = Vault XP
 C = Vault XP percentage of total XP
 D = Non-vault monster count
 E = Vault monster count
 F = Vault count percentage of total count
                 A         B        C        D         E       F
            +---------+---------+-------+---------+---------+-------
      Total |    7634 |    3179 |  29.4 |     192 |      35 |  15.4
            +---------+---------+-------+---------+---------+-------
        D:1 |      11 |       0 |   0.0 |       5 |       0 |   0.0
        D:2 |      43 |     184 |  81.1 |      20 |       1 |   4.8
        D:3 |      67 |      19 |  22.1 |      18 |       4 |  18.2
        D:4 |     412 |     339 |  45.1 |      19 |      15 |  44.1
        D:5 |     451 |      88 |  16.3 |      16 |       1 |   5.9
        D:6 |    1543 |     311 |  16.8 |      42 |       2 |   4.5
        D:7 |    1232 |     334 |  21.3 |      26 |       3 |  10.3
        D:8 |    1589 |     535 |  25.2 |      21 |       2 |   8.7
        D:9 |     952 |    1369 |  59.0 |      17 |       7 |  29.2
       D:10 |     415 |       0 |   0.0 |       1 |       0 |   0.0
       D:11 |     586 |       0 |   0.0 |       6 |       0 |   0.0
     Lair:1 |     333 |       0 |   0.0 |       1 |       0 |   0.0
            +---------+---------+-------+---------+---------+-------
